AoeStats
← Brezel

Arabia

510330605Analyzed
1v1 RM · 22h ago on Sep 30, 2026· 35m 34s· 2 players
Game mode
Random Map
Map size
Tiny (2 player)
Population
200
Speed
Normal
Resources
Standard
Victory
Conquest
Starting age
Dark Age
Ending age
Imperial Age
RankedLock teamsTeams togetherTeam positionsShared explorationLock speedFull tech treeHidden civsTurbo modeCheats
Victory
Defeat
🇩🇪 Saxons · Germany
1202
+15
🇩🇪 Danes · Germany
1188
-15
Bayaz
0:37 Loom
10:31 Feudal Age
19:20 Castle Age
18:47 Scale Mail Armor
18:39 Double-Bit Axe
18:41 Horse Collar
28:35 Wheelbarrow
28:14 Fletching
29:54 Padded Archer Armor
31:04 Thumb Ring
31:38 Husbandry
Brezel
6:32 Loom
9:34 Feudal Age
9:39 Man-at-Arms
10:06 Double-Bit Axe
10:03 Horse Collar
19:17 Arson
21:52 Castle Age
19:58 Scale Mail Armor
20:11 Forging
23:01 Chain Mail Armor
22:24 Long Swordsman
24:19 Squires
28:19 Wheelbarrow
27:35 Gambesons
31:13 Fletching
31:28 Gold Mining
33:41 Hand Cart
36:40 Iron Casting
Connection lost

Rejoining the realm…

Still unreachable

The connection could not be restored.

Session expired

The server has moved on; the page needs a fresh start.